 Dungeon Crawl Stone Soup version 0.8.0-a0-1398-ge66eab0 character file.

59215 rob the Black Belt (level 15, -4/108 (112) HPs)
             Began as a Human Monk on Sept 19, 2010.
             Was a High Priest of Nemelex Xobeh.
             Slain by an ice dragon (13 damage)
             ... in an ice cave on Sept 22, 2010.
             The game lasted 03:28:30 (45681 turns).

rob the Black Belt (Human Monk)                    Turns: 45681, Time: 03:28:31

HP  -4/108 (112) AC  6     Str 11 Exp: 15/80468 (1), need: 25032
MP  13/17        EV 22     Int 17      God: Nemelex Xobeh [*****.]
Gold 2888        SH  0     Dex 19      Spells:  3 memorised, 11 levels left

Res.Fire  : + + .   See Invis. : +     - Unarmed
Res.Cold  : + . .   Warding    : .   u - +0 robe of the Mind {rF++ Dam+3}
Life Prot.: . . .   Conserve   : .   (no shield)
Res.Poison: +       Res.Corr.  : .   c - +1 wizard hat {MR}
Res.Elec. : .       Clarity    : .   a - +0 cloak {rPois} Spirit.Shd: . Stasis : .
                                     k - +0 pair of gloves
Sust.Abil.: . .     Rnd.Telep. : .   O - -1 pair of boots
Res.Mut.  : .       Ctrl.Telep.: .   N - amulet of controlled flight
Res.Rott. : .       Levitation : .   v - ring of Tuorgh {rF+ AC+1 Dex+3 SInv}
Saprovore : . . .   Ctrl.Flight: +   Q - cursed ring of ice

@: quite resistant to hostile enchantments, stealthy
A: no striking features
a: Draw One, Peek at Two, Triple Draw, Mark Four, Stack Five, Renounce Religion


You were in an ice cave.
You worshipped Nemelex Xobeh.
Nemelex Xobeh was exalted by your worship.
You were not hungry.

You visited 4 branches of the dungeon, and saw 26 of its levels.
You visited 2 portal chambers: bailey, ice cave.

You collected 3141 gold pieces.
You spent 253 gold pieces at shops.

Inventory:

Hand weapons
 e - a cursed +2,+2 sling
 H - a +0,+0 dagger
Missiles
 h - 4 +0 javelins (quivered)
 q - 30 +0 sling bullets of frost
Armour
 a - a +0 cloak of poison resistance (worn)
 c - a +1 wizard hat of magic resistance (worn)
 k - a +0 pair of gloves (worn)
 u - the +0 robe of the Mind (worn) {rF++ Dam+3}
   (You found it on level 10 of the Dungeon)

   It affects your damage-dealing abilities (+3).
   It greatly protects you from fire.
 O - a -1 pair of boots (worn)
Magical devices
 f - a wand of cold (8) {unknown}
 l - a wand of enslavement (6)
 n - a wand of fire (0)
 G - a wand of teleportation (8)
 P - a wand of paralysis (8)
 R - a wand of fire (4)
 U - a wand of digging (2)
 Y - a wand of teleportation (3)
Comestibles
 z - 3 bread rations
 X - an apple
Scrolls
 r - a scroll of remove curse
 D - a scroll of magic mapping
 I - a scroll of fog
 K - a scroll of teleportation
Jewellery
 g - a +2 ring of protection
 o - an uncursed amulet of stasis
 v - the ring of Tuorgh (right hand) {rF+ AC+1 Dex+3 SInv}
   (You found it on level 6 of the Lair of Beasts)

   [ring of see invisible]

   It affects your AC (+1).
   It affects your dexterity (+3).
   It protects you from fire.
 N - an amulet of controlled flight (around neck)
 Q - a cursed ring of ice (left hand)
Potions
 p - a potion of agility
 W - a potion of might
Magical staves
 b - a +1 rod of destruction [lightning,iron,fireball] (14/14)
   (You found it on level 6 of the Dungeon)
Miscellaneous
 d - an ornate deck of summonings {drawn: 1} {god gift}
 j - a legendary deck of war {drawn: 3}
 s - a legendary deck of summonings {god gift}
 t - a plain deck of defence {drawn: 4}
 w - an ornate deck of destruction {god gift}
 B - a plain deck of escape {drawn: 1} {god gift}
 E - a plain deck of dungeons {drawn: 1} {god gift}
 F - a legendary deck of destruction {drawn: 2} {god gift}
 L - a plain deck of summonings {drawn: 1} {god gift}
 S - an ornate deck of escape {drawn: 4} {god gift} You had 1 experience left.


   Skills:
 + Level 9 Fighting
 - Level 3 Slings
 - Level 3 Throwing
 + Level 12 Dodging
 - Level 4 Stealth
 - Level 2 Stabbing
 + Level 2 Traps & Doors
 + Level 16 Unarmed Combat
 + Level 1 Spellcasting
 + Level 9 Evocations


You had 11 spell levels left.
You knew the following spells:

 Your Spells              Type           Power        Success   Level  Hunger
a - Fulsome Distillation  Trmt/Necr      N/A          Good        1    Strawberry
b - Evaporate             Fire/Trmt      #.........   Fair        2    Choko
r - Repel Missiles        Air/Ench       #.........   Fair        2    Choko

Dungeon Overview and Level Annotations

Branches:
Dungeon (15/27)            Temple (1/1) D:7             Orc (2/4) D:8
   Lair (8/8) D:13         Shoals (0/5) Lair:3        Slime (0/6) Lair:8
  Snake (0/5) Lair:3         Hive (0/2) D:11
  Vault: D:14-19

Altars:
Cheibriados
Elyvilon
Fedhas
Kikubaaqudgha
Makhleb
Nemelex Xobeh
Okawaru
Sif Muna
The Shining One
Trog
Vehumet
Xom
Yredelemnul
Zin
Beogh

Shops:
D:8: =

Annotations
D:6 exclusion: upstairs
D:9 pikel
D:12 exclusion: 2 downstairs
Orc:1 exclusion: downstairs
Lair:1 rupert!, exclusion: Rupert


Message History

Evoke which item? (* to show all) (? for menu, Esc to quit)
Zapping:
P - a wand of paralysis {zapped: 2}
Press: ? - help, Shift-Dir - straight line, f/p - ice dragon
Aim: An ice dragon (lightly wounded)
The ice dragon resists.
The ice dragon bites you!
You die...
Your body glows with a rainbow of weird colours and disappears.

#..## ##.D.#
##.## ##.@###
##..# ##..##
.#.## #..##
###..## #..#
#.....# #..#
#.....## #.##
.......# ##.#
.......## #..#
........###.##
........##..#
...........##
..........##
.........##
.........#
........##
........#


You could see an ice dragon.

Vanquished Creatures
  A hydra (Lair:7)
  4 griffons
  9 death yaks
  3 ice statues
  Pikel (D:9)
  A trapdoor spider (D:14)
  A cyclops (D:13)
  3 hill giants
  3 black mambas
  An elephant slug (Lair:7)
  4 slime creatures
  11 elephants
  2 ugly things (D:15)
  12 spiny frogs
  8 komodo dragons
  A troll (D:15)
  Prince Ribbit (D:5)
  6 blink frogs
  2 wyverns (Lair:8)
  11 giant toads
  A blink frog skeleton (D:14)
  A bumblebee (Lair:5)
  8 giant blowflies
  A giant blowfly zombie (D:7)
  8 hippogriffs
  31 yaks
  3 hungry ghosts
  A war dog (Lair:7)
  A fire drake (Lair:3)
  A manticore (D:8)
  19 orc warriors
  A cyclops zombie (D:13)
  A black bear (D:5)
  14 ogres
  A phantom (D:6)
  4 slaves (D:8)
  2 yellow wasps (D:7)
  13 ice beasts
  Menkaure (D:5)
  9 crocodiles
  3 centaurs
  4 giant goldfish (Lair:8)
  4 gila monsters
  A troll skeleton (D:14)
  Sigmund (D:5)
  Duvessa (D:9)
  3 big kobolds
  A wolf (Lair:1)
  A boring beetle (Lair:6)
  6 giant slugs
  A soldier ant zombie (D:14)
  4 giant leeches (Lair:8)
  16 water moccasins
  16 giant frogs
  Blork the orc (D:5)
  8 giant snails
  4 killer bees (D:9)
  A boulder beetle (Lair:7)
  A killer bee zombie (D:8)
  3 jellyfish (D:13)
  A giant beetle (D:13)
  7 electric eels
  2 gila monster skeletons
  8 imps
  3 big fish (Lair:8)
  A quasit (D:13)
  4 big kobold skeletons
  18 hounds
  10 orc priests
  The ghost of MarvinPA the Caller, a weakling DESu (D:3)
  2 iguanas
  3 scorpions
  2 shadows
  16 orc wizards
  9 sheep
  2 giant ant zombies
  9 giant ants
  4 jellies
  A mummy (D:9)
  45 green rats
  3 giant centipedes
  11 gnolls
  4 iguana skeletons
  2 giant mites
  26 snakes
  A snake zombie (D:10)
  10 giant mosquitos (Lair:8)
  4 worms
  68 grey rats
  5 giant eyeballs
  3 gnoll skeletons
  9 giant geckos
  13 giant cockroaches
  18 hobgoblins
  11 jackals
  44 kobolds
  134 orcs
  10 quokkas
  4 small snakes
  28 giant bats
  8 giant newts
  2 giant spores
  26 goblins
  3 orc skeletons
  An orc zombie (D:9)
  A quokka skeleton (D:6)
  24 rats
  30 ballistomycetes
  A bush (D:5)
  4 fungi
  4 plants
  4 toadstools
950 creatures vanquished.

Vanquished Creatures (collateral kills)
  Gastronok (D:13)
  2 hydras
  2 death yaks
  A giant orange brain (shapeshifter) (D:14)
  An ice statue (D:15)
  An oklob plant (D:13)
  2 slime creatures (D:12)
  2 spiny frogs (Lair:8)
  A troll (D:12)
  A rock troll zombie (D:14)
  2 ugly things
  A giant toad (D:13)
  2 blink frogs
  A giant blowfly (D:14)
  A hippogriff (Lair:8)
  18 ice beasts
  A necrophage (D:13)
  2 black bears
  A giant goldfish (Lair:8)
  An ogre (D:13)
  A troll zombie (D:14)
  A water moccasin (D:13)
  A giant frog (Lair:8)
  A crocodile (Lair:6)
  6 electric eels (D:13)
  A wight (D:12)
  A shadow (D:12)
  Dowan (D:9)
  A hound (D:12)
  2 jellies
  A snake (Lair:5)
  2 green rats (Lair:5)
  2 giant mosquitos (Lair:8)
  5 kobolds
  A ballistomycete (D:13)
  A butterfly (Lair:5)
  A fungus (Lair:8)
73 creatures vanquished.

Vanquished Creatures (others)
  A very ugly thing (D:15)
  3 skeletal warriors
  3 dancing weapons
  A spiny frog (Lair:8)
  3 ugly things
  A blink frog (Lair:8)
  A hog (D:13)
  2 bumblebees (Lair:5)
  A red devil (Lair:6)
  14 yellow wasps
  A black bear (D:14)
  A sheep (D:13)
  A midge (IceCv)
  A green rat (Lair:3)
  A snake (D:10)
  2 shadow imps
  3 white imps
  An ufetubus (Lair:4)
  2 grey rats
  A goblin (D:10)
  2 giant spores (D:13)
  A rat (Lair:6)
  37 fungi
  46 plants
  15 toadstools
145 creatures vanquished.

Grand Total: 1168 creatures vanquished

Notes
Turn   | Place    | Note
--------------------------------------------------------------
     0 | D:1      | rob, the Human Monk, began the quest for the Orb.
     0 | D:1      | Reached XP level 1. HP: 13/13 MP: 0/0
   796 | D:1      | Reached XP level 2. HP: 19/19 MP: 1/1
  1295 | D:1      | Reached XP level 3. HP: 23/25 MP: 2/2
  2095 | D:2      | Reached XP level 4. HP: 22/31 MP: 3/3
  2609 | D:2      | Reached skill 1 in Throwing
  4352 | D:3      | Reached XP level 5. HP: 33/38 MP: 4/4
  4735 | D:3      | Noticed MarvinPA's ghost
  4921 | D:4      | Reached skill 5 in Unarmed Combat
  5184 | D:5      | Entered Level 5 of the Dungeon
  5518 | D:4      | Reached XP level 6. HP: 43/43 MP: 5/5
  5535 | D:4      | Reached skill 1 in Stabbing
  6286 | D:3      | Defeated MarvinPA's ghost
  7071 | D:4      | Reached skill 1 in Slings
  7080 | D:4      | Reached XP level 7. HP: 50/50 MP: 6/6
  7133 | D:5      | Reached skill 6 in Unarmed Combat
  7584 | D:5      | Noticed Prince Ribbit
  7746 | D:5      | Noticed Menkaure
  7774 | D:5      | Defeated Menkaure
  8256 | D:4      | Reached XP level 8. HP: 43/57 MP: 7/7
  9396 | D:4      | Reached skill 7 in Unarmed Combat
  9582 | D:5      | Reached skill 5 in Dodging
  9587 | D:5      | Defeated Prince Ribbit
  9842 | D:5      | Found an iron altar of Okawaru.
  9843 | D:5      | Noticed Blork the orc
  9985 | D:6      | Found an iron altar of Okawaru.
 10233 | D:6      | Reached XP level 9. HP: 62/64 MP: 8/8
 10243 | D:6      | Reached skill 8 in Unarmed Combat
 10325 | D:5      | Defeated Blork the orc
 11283 | D:7      | Reached skill 1 in Spellcasting
 12462 | D:7      | Found a staircase to the Ecumenical Temple.
 12506 | Temple   | Entered the Ecumenical Temple
 12569 | Temple   | Became a worshipper of Nemelex Xobeh
 12714 | D:6      | Received a gift from Nemelex Xobeh
 13088 | D:7      | Reached skill 5 in Fighting
 13159 | D:8      | Reached skill 9 in Unarmed Combat
 13859 | D:8      | Reached XP level 10. HP: 61/72 MP: 11/11
 13978 | D:8      | Acquired Nemelex Xobeh's first power
 14301 | D:8      | Got a yellowed book
 14302 | D:8      | Identified Sif Muna's Guide on Dusty Changing (You found it on level 8 of the Dungeon)
 14306 | D:8      | Found Friast's Jewellery Emporium.
 14322 | D:8      | Bought a cursed ring of hunger for 1 gold piece
 14322 | D:8      | Bought an uncursed ring of poison resistance for 252 gold pieces
 14825 | D:8      | Acquired Nemelex Xobeh's second power
 14825 | D:8      | Received a gift from Nemelex Xobeh
 15399 | D:8      | Found a staircase to the Orcish Mines.
 15399 | D:8      | Found a roughly hewn altar of Beogh.
 15409 | D:8      | Received a gift from Nemelex Xobeh
 15984 | D:7      | Reached skill 10 in Unarmed Combat
 16307 | D:5      | Noticed Sigmund
 16350 | D:5      | Received a gift from Nemelex Xobeh
 16440 | D:5      | Found a bloodstained altar of Trog.
 16477 | D:5      | Defeated Sigmund
 16592 | D:5      | Noticed an insubstantial wisp
 16592 | D:5      | Noticed an insubstantial wisp
 16592 | D:5      | Received a gift from Nemelex Xobeh
 17276 | D:9      | Noticed Pikel
 18605 | D:9      | Reached skill 11 in Unarmed Combat
 18659 | D:9      | Received a gift from Nemelex Xobeh
 18820 | D:9      | Acquired Nemelex Xobeh's third power
 19592 | D:9      | Reached XP level 11. HP: 81/81 MP: 12/12
 19809 | D:9      | Reached skill 1 in Evocations
 19817 | D:9      | Received a gift from Nemelex Xobeh
 19929 | D:9      | Noticed Duvessa
 19939 | D:9      | Defeated Duvessa
 19991 | D:9      | Noticed Dowan
 20188 | D:9      | Noticed a white ugly thing
 20192 | D:9      | Defeated Dowan
 20193 | D:9      | Defeated a white ugly thing
 20406 | D:10     | Entered Level 10 of the Dungeon
 20449 | D:9      | Acquired Nemelex Xobeh's fourth power
 21187 | D:10     | Received a gift from Nemelex Xobeh
 21399 | D:10     | Got a slimy robe
 21691 | D:9      | Noticed a short sword
 21827 | D:10     | Received a gift from Nemelex Xobeh
 21981 | D:9      | Defeated Pikel
 22013 | D:10     | Reached skill 12 in Unarmed Combat
 22069 | D:10     | Received a gift from Nemelex Xobeh
 22462 | D:10     | Noticed a purple ugly thing
 22809 | D:9      | Identified the cursed +0 robe of the Mind (You found it on level 10 of the Dungeon)
 22910 | Orc:1    | Entered Level 1 of the Orcish Mines
 23070 | Orc:1    | Received a gift from Nemelex Xobeh
 23319 | D:11     | Reached skill 1 in Traps & Doors
 23389 | D:11     | Found a staircase to the Hive.
 23794 | D:12     | Received a gift from Nemelex Xobeh
 24526 | D:12     | Noticed a long sword
 24901 | D:13     | Noticed Gastronok
 25139 | D:12     | Acquired Nemelex Xobeh's fifth power
 25260 | D:12     | Received a gift from Nemelex Xobeh
 25366 | D:13     | Reached XP level 12. HP: 89/89 MP: 12/14
 25591 | D:13     | Found a blossoming altar of Fedhas.
 25701 | D:13     | Found a flagged portal. 25710
                  | bailey
                  | Entered the bailey 25806
                  | bailey
                  | Reached skill 13 in Unarmed Combat 25903
                  | bailey
                  | Found a burning altar of Makhleb.
 26222 | D:14     | Received a gift from Nemelex Xobeh
 26285 | D:13     | Found a staircase to the Lair.
 26545 | D:14     | Identified a scroll of acquirement
 27390 | D:13     | Reached skill 10 in Dodging
 27870 | D:13     | Received a gift from Nemelex Xobeh
 27881 | D:13     | Defeated Gastronok
 27932 | Lair:1   | Entered Level 1 of the Lair of Beasts
 29360 | Lair:1   | Noticed Rupert
 29634 | Lair:2   | Received a gift from Nemelex Xobeh
 30298 | Lair:2   | Reached skill 14 in Unarmed Combat
 30712 | Lair:2   | Learned a level 1 spell: Fulsome Distillation
 30717 | Lair:2   | Learned a level 2 spell: Evaporate
 31066 | Lair:3   | Found a staircase to the Shoals.
 31587 | Lair:3   | Found a staircase to the Snake Pit.
 31690 | Lair:3   | You fall through a shaft!
 32978 | Lair:4   | Reached XP level 13. HP: 75/97 MP: 15/15
 33025 | Lair:4   | Received a gift from Nemelex Xobeh
 33196 | Lair:4   | Reached skill 5 in Evocations
 34518 | Lair:5   | Noticed a bumblebee
 34518 | Lair:5   | Noticed a bumblebee
 34522 | Lair:5   | Received a gift from Nemelex Xobeh
 34530 | Lair:5   | Defeated a bumblebee
 35667 | Lair:6   | Received a gift from Nemelex Xobeh
 35980 | Lair:6   | Got a pitted platinum ring
 35995 | Lair:6   | Identified the ring of Tuorgh (You found it on level 6 of the Lair of Beasts)
 37380 | Lair:7   | Received a gift from Nemelex Xobeh
 37714 | Lair:7   | Received a gift from Nemelex Xobeh
 37856 | Lair:7   | Reached skill 15 in Unarmed Combat
 38215 | Lair:8   | Entered Level 8 of the Lair of Beasts
 39191 | Lair:7   | Reached XP level 14. HP: 15/101 MP: 16/16
 40655 | Lair:8   | Received a gift from Nemelex Xobeh
 42591 | Lair:8   | Received a gift from Nemelex Xobeh
 42813 | Lair:8   | Found a staircase to the Slime Pits.
 42964 | Lair:8   | Learned a level 2 spell: Repel Missiles
 43384 | Lair:8   | HP: 2/102 [death yak (25)]
 44092 | Lair:7   | Received a gift from Nemelex Xobeh
 44388 | D:15     | Entered Level 15 of the Dungeon
 44401 | D:15     | Got a crystal spear
 44402 | D:15     | Identified the spear of Ymixumpu {holy, +Blink +Rage rPois AC+5 EV-2} (You found it on level 15 of the Dungeon)
 44556 | D:15     | Reached skill 16 in Unarmed Combat
 44570 | D:15     | Reached XP level 15. HP: 74/108 MP: 17/17
 44602 | D:15     | Received a gift from Nemelex Xobeh
 44633 | D:15     | Found a frozen archway.
 44849 | IceCv    | Entered an ice cave
 45664 | IceCv    | Received a gift from Nemelex Xobeh
 45681 | IceCv    | Slain by an ice dragon
